[Event "Team 45 45 League T56"]
[Site "Internet Chess Club"]
[Date "2013.03.29"]
[Round "6"]
[White "Greedy-Reedy"]
[Black "koni"]
[Result "0-1"]
[WhiteElo "1934"]
[BlackElo "1931"]
[Opening "Pirc defense"]
[ECO "B07"]
[Time "13:01:18"]
[TimeControl "2700+45"]

1. e4 d6 2. d4 Nf6 3. Nc3 e5 4. Nge2 Be7 5. g3 c6 6. Bg2 b5 7. a3 O-O 8. O-O
Nbd7 9. h3 Rb8 10. Be3 a5 11. Nb1 d5 12. Nd2 dxe4 13. Nxe4 Nd5 14. N4c3 Nxe3 15.
fxe3 Qc7 16. Rf2 Nb6 17. b3 Bb7 18. h4 Rbd8 19. Qf1 b4 20. axb4 axb4 21. Nd1 Bf6
22. Rxf6 gxf6 23. Qxf6 Qd6 24. Qg5+ Qg6 25. Qxe5 Nd5 26. Be4 Qh6 27. Nf4 Rfe8
28. Qf5 Bc8 29. Qh5 Qxh5 30. Nxh5 Rxe4 31. Nf2 Rxe3 32. Ra8 Rde8 33. Nd3 Bg4 34.
Rxe8+ Rxe8 {White resigns} 0-1

[Event "Team 45 45 League T56"]
[Site "Internet Chess Club"]
[Date "2013.03.31"]
[Round "6"]
[White "John3v16"]
[Black "flyingpawns"]
[Result "0-1"]
[WhiteElo "1721"]
[BlackElo "1829"]
[Opening "QGD Slav: 4.e3"]
[ECO "D11"]
[Time "13:02:24"]
[TimeControl "2700+45"]

1. c4 c6 2. d4 d5 3. Nf3 Nf6 4. e3 e6 5. cxd5 exd5 6. Nc3 Bd6 7. Qc2 O-O 8. Bd3
Re8 9. O-O Bg4 10. Bd2 Nbd7 11. Kh1 Qc7 12. h3 Bh5 13. g4 Bg6 14. Nh4 Nf8 15.
Nf5 Bxf5 16. Bxf5 Ng6 17. g5 Ne4 18. Nxe4 dxe4 19. Bxe4 Qe7 20. Bxg6 hxg6 21. f4
Qe6 22. Rf3 Qd5 23. Kg2 Re7 24. b3 Rae8 25. Qc4 Qf5 26. Rc1 Re4 27. a4 c5 28.
Qb5 cxd4 29. Qxf5 gxf5 30. exd4 Rxd4 31. Be3 Rde4 32. Bxa7 Bxf4 33. Rcf1 Re2+
34. R1f2 Bxg5 35. Rxf5 f6 36. Rxe2 Rxe2+ 37. Rf2 Re4 38. Bc5 Kf7 39. Rf3 Ke6 40.
Rd3 Re5 41. b4 Rd5 42. Rxd5 Kxd5 43. Kf3 f5 44. a5 Kc4 45. Bd6 Bd2 46. h4 Bxb4
47. Be5 g6 48. Bc7 Be1 49. Bg3 Bxa5 50. Kf4 Bc7+ 51. Kf3 Bxg3 52. Kxg3 Kd5 53.
Kf4 Ke6 54. Kg5 Kf7 {White resigns} 0-1

[Event "Team 45 45 League T56"]
[Site "Internet Chess Club"]
[Date "2013.03.28"]
[Round "6"]
[White "Helaman"]
[Black "cys456"]
[Result "0-1"]
[WhiteElo "1852"]
[BlackElo "1875"]
[Opening "Nimzo-Indian: Fischer variation, 5.Ne2"]
[ECO "E44"]
[Time "18:00:39"]
[TimeControl "2700+45"]

1. d4 Nf6 2. c4 e6 3. Nc3 Bb4 4. e3 b6 5. Ne2 Bb7 6. a3 Be7 7. d5 O-O 8. Ng3 a5
9. e4 d6 10. Bd3 Nbd7 11. O-O Nc5 12. Bc2 Nfd7 13. Bd2 Ne5 14. b3 Re8 15. f4 Ng6
16. Rc1 Bf6 17. Kh1 exd5 18. exd5 Ba6 19. Nh5 Rb8 20. Nxf6+ Qxf6 21. Rf3 Bc8 22.
Rg3 Bf5 23. b4 Ne4 24. Nxe4 Bxe4 25. Ba4 Re7 26. bxa5 bxa5 27. Kg1 Qd4+ 28. Be3
Qxd1+ 29. Rxd1 h5 30. Kf2 h4 31. Rh3 Bf5 32. Rf3 Bg4 33. Rd2 Re4 34. Bb5 Ne7 35.
h3 Bh5 36. Rd3 Nf5 37. Bc1 Bxf3 38. Kxf3 Rd4 39. Rc3 Rd1 40. Kf2 Ng3 41. Rc2 f5
42. Rc3 Ne4+ {White resigns} 0-1

[Event "Team 45 45 League T56"]
[Site "Internet Chess Club"]
[Date "2013.04.01"]
[Round "6"]
[White "subterfuge"]
[Black "justice02"]
[Result "1-0"]
[WhiteElo "1781"]
[BlackElo "1716"]
[Opening "Dutch defense"]
[ECO "A86"]
[Time "21:31:00"]
[TimeControl "2700+45"]

1. d4 f5 2. g3 Nf6 3. Bg2 g6 4. c4 Bg7 5. Nc3 c6 6. Nf3 O-O 7. Qb3 Qb6 8. O-O
Qxb3 9. axb3 Na6 10. Ne5 d6 11. Nd3 Nc7 12. Bf4 Ne6 13. Be3 Ng4 14. d5 Nxe3 15.
fxe3 cxd5 16. Bxd5 Bxc3 17. bxc3 Kg7 18. e4 Nc7 19. exf5 Nxd5 20. cxd5 Bxf5 21.
Nf2 a6 22. e4 Bd7 23. Kg2 g5 24. h3 h5 25. Nd3 Rfc8 26. Rac1 a5 27. Rf2 b5 28.
e5 Rf8 29. e6 Rxf2+ 30. Kxf2 Be8 31. h4 Bg6 32. Ke3 Rf8 33. Re1 Bxd3 34. Kxd3
Rf3+ 35. Re3 Rxe3+ 36. Kxe3 Kf6 37. Kd3 g4 38. c4 bxc4+ 39. Kxc4 Ke5 40. Kb5
Kxd5 41. Kxa5 Kc6 42. Ka6 Kc5 43. Ka5 d5 44. b4+ Kc6 45. Ka6 d4 46. b5+ Kc5 47.
b6 d3 48. b7 d2 49. b8=Q d1=Q 50. Qb5+ Kd6 51. Qd7+ Ke5 52. Qxd1 Kxe6 53. Qd4
Kf5 54. Kb5 e5 55. Qe3 e4 56. Kc4 Ke5 57. Qf4+ Ke6 58. Kd4 Ke7 59. Kd5 e3 60.
Qxe3+ Kf6 61. Qg5+ Kf7 62. Kd6 Kf8 63. Ke6 {Black resigns} 1-0

[Event "Team 45 45 League T56"]
[Site "Internet Chess Club"]
[Date "2013.04.01"]
[Round "6"]
[White "minke"]
[Black "SlimeDog2"]
[Result "1/2-1/2"]
[WhiteElo "1898"]
[BlackElo "2076"]
[Opening "Ruy Lopez: Berlin defense, Beverwijk variation"]
[ECO "C65"]
[Time "03:08:36"]
[TimeControl "2700+45"]

1. e4 e5 2. Nf3 Nc6 3. Bb5 Nf6 4. O-O Bc5 5. d3 d6 6. h3 h6 7. c3 O-O 8. Nbd2 a6
9. Ba4 Ba7 10. Re1 Ne7 11. Nf1 Ng6 12. Be3 Bxe3 13. fxe3 d5 14. exd5 Nxd5 15.
Bb3 Be6 16. Ng3 Qd7 17. Qd2 Rad8 18. Rad1 c5 19. Ne4 Qc7 20. d4 cxd4 21. exd4
Ndf4 22. Bxe6 fxe6 23. Qe3 Qb6 24. b3 exd4 25. Nxd4 Nd5 26. Qc1 e5 27. c4 Ndf4
28. c5 Qa5 29. Qc4+ Kh7 30. b4 Qa3 31. Nc2 Rxd1 32. Rxd1 Qb2 33. Nd6 Nh4 34.
Qe4+ Kg8 35. Qc4+ Kh8 36. Nf7+ Kh7 37. Qe4+ Nfg6 38. Rf1 Qxa2 39. Nxe5 Re8 40.
Qc4 Qb2 41. Nxg6 Nxg6 42. Qd3 Re7 43. h4 Re5 44. Rf7 a5 45. Rxb7 Qb1+ 46. Kh2
Qc1 47. g3 Kg8 48. c6 Nxh4 49. c7 Nf3+ 50. Qxf3 Qxc2+ 51. Kh3 Kh7 52. b5 Qc4 53.
c8=Q Qxc8+ 54. g4 h5 55. Qd3+ Kh8 56. Rd7 hxg4+ 57. Kh4 Qf8 58. Rd8 Re8 59. Rxe8
Qxe8 60. Kxg4 Qe6+ 61. Qf5 Qe2+ {Game drawn by mutual agreement} 1/2-1/2

[Event "Team 45 45 League T56"]
[Site "Internet Chess Club"]
[Date "2013.03.29"]
[Round "6"]
[White "cityprosecutor"]
[Black "Tamarin"]
[Result "1-0"]
[WhiteElo "1861"]
[BlackElo "1878"]
[Opening "Caro-Kann: closed (Breyer) variation"]
[ECO "B10"]
[Time "23:00:32"]
[TimeControl "2700+45"]

1. e4 c6 2. d3 d5 3. Nd2 e5 4. Ngf3 Bd6 5. g3 Nf6 6. Bg2 O-O 7. O-O Nbd7 8. c4
Nb6 9. b4 dxc4 10. dxc4 Bxb4 11. Bb2 Bxd2 12. Nxd2 Qc7 13. Qc2 Be6 14. c5 Nbd7
15. f4 exf4 16. gxf4 Qa5 17. f5 Qxc5+ 18. Qxc5 Nxc5 19. fxe6 fxe6 20. Ba3 Nfd7
21. Rxf8+ Rxf8 22. Rc1 b6 23. Nb3 Nxb3 24. axb3 c5 25. Bh3 Kf7 26. b4 Rc8 27.
Rd1 Ne5 28. bxc5 bxc5 29. Rd6 Nc4 30. Bxe6+ Ke7 31. Ra6 {Black resigns} 1-0

[Event "Team 45 45 League T56"]
[Site "Internet Chess Club"]
[Date "2013.04.02"]
[Round "6"]
[White "clarinetref"]
[Black "CKNIGHT3"]
[Result "1/2-1/2"]
[WhiteElo "1624"]
[BlackElo "1675"]
[Opening "Queen's pawn game"]
[ECO "D04"]
[Time "22:06:24"]
[TimeControl "2700+45"]

1. d4 d5 2. Nf3 Nf6 3. e3 c5 4. b3 Nc6 5. Bb2 cxd4 6. Nxd4 Qc7 7. Nb5 Qa5+ 8.
Bc3 Qd8 9. Nd2 e5 10. Bb2 a6 11. Na3 Bc5 12. Be2 O-O 13. O-O Qd6 14. Qc1 Bf5 15.
c3 Rac8 16. Nf3 e4 17. Nd4 Nxd4 18. exd4 Bxd4 19. Qd2 Be5 20. g3 Bh3 21. Rfd1
Qc5 22. Rac1 Ng4 23. Bxg4 Bxg4 24. Re1 Bf3 25. b4 Qd6 26. Nc2 Rfd8 27. Ne3 Qe6
28. Red1 f5 29. Qe1 f4 30. Ng2 Qh3 31. Qf1 Bxd1 32. Rxd1 fxg3 33. hxg3 Bxc3 34.
Bxc3 Rxc3 35. Qe1 Rcc8 36. Nf4 Qf5 37. Qe3 Rd7 38. Qb3 Rcd8 39. Ne2 Rf8 40. Rf1
Kh8 41. Qb2 Qf6 42. Qc2 Qe5 43. Qa4 Rdf7 44. b5 axb5 45. Qxb5 Qe6 46. Nf4 Qc6
47. Qxd5 Qxd5 48. Nxd5 Rf5 49. Ne3 Ra5 50. Ra1 Rfa8 51. Nc4 b6 52. Nxa5 Rxa5 53.
Kf1 Kg8 54. Ke2 Kf7 55. Ke3 Re5 56. Rb1 b5 57. Kd4 Kf6 58. Rb4 g5 59. a4 bxa4
60. Rxa4 Re6 61. Ke3 h5 62. Rxe4 Re5 63. f4 Rf5 64. fxg5+ Kxg5 65. Rf4 Rxf4 66.
gxf4+ Kf5 67. Kf3 h4 68. Kg2 Kxf4 69. Kh1 Kg3 {Game drawn by mutual agreement}
1/2-1/2

[Event "Team 45 45 League T56"]
[Site "Internet Chess Club"]
[Date "2013.03.30"]
[Round "6"]
[White "tryanything"]
[Black "drsigmund1"]
[Result "1/2-1/2"]
[WhiteElo "1567"]
[BlackElo "1616"]
[Opening "French: Winawer (Nimzovich) variation"]
[ECO "C15"]
[Time "20:01:35"]
[TimeControl "2700+45"]

1. e4 e6 2. d4 d5 3. Nc3 Bb4 4. exd5 exd5 5. Bd2 Nf6 6. a3 Bd6 7. Nf3 Bf5 8. Be2
O-O 9. O-O c6 10. Re1 Nbd7 11. Bg5 Qc7 12. Bh4 Ne4 13. Bg3 Ndf6 14. Bxd6 Qxd6
15. Nd2 Nxc3 16. bxc3 Rae8 17. Bd3 Bg4 18. f3 Bh5 19. Nf1 Rxe1 20. Qxe1 Re8 21.
Qd2 Nd7 22. c4 b6 23. c3 f6 24. cxd5 cxd5 25. Ng3 Bf7 26. a4 Qe6 27. Nf1 Bg6 28.
Bxg6 hxg6 29. Kf2 Qc6 30. Ne3 Rc8 31. Nd1 b5 32. axb5 Qxb5 33. Rxa7 Nb6 34. Qa2
Qd3 35. Qa6 Qxd1 36. Qxb6 Qd2+ 37. Kf1 Re8 38. Ra1 Re2 39. Qb8+ Kh7 40. Qg3 Re8
41. Re1 Qd3+ 42. Kf2 Rxe1 43. Kxe1 Qxc3+ 44. Ke2 Qxd4 45. Qh3+ Kg8 46. Qc8+ Kh7
47. Qh3+ Kg8 48. Qc8+ Kf7 49. Qd7+ Kg8 50. Qc8+ Kh7 51. Qh3+ {Game drawn by
repetition} 1/2-1/2